Map: Blackburn LE

Players

LiquidClem (Clem)

  • Race: Terran Terran
  • League: Bronze

Dark - Winner!

  • Race: Zerg Zerg

Event: TSL 7

VOD

Have the link to the VOD?

Description

Time

  • Played on: June 20, 2021, 12:50 p.m.
  • Length: 17:43

All games in this series

Show
View Real Time Build Order
Export as new Build Order

LiquidClem Terran 

Build Orders: Reaper Expand 

Get SALT Encoding   

  12  0:00  SCV  
  13  0:12  SCV  
  14  0:19  Supply Depot  
  14  0:24  SCV  
  15  0:41  SCV  
  15  0:42  Barracks  
  16  0:46  Refinery  
  16  0:53  SCV  
  17  1:05  SCV  
  18  1:17  SCV  
  19  1:29  Reaper, Orbital Command  
  20  1:41  Command Center  
  20  1:50  Supply Depot  
  20  1:54  SCV  
  20  2:00  Marine  
  22  2:06  SCV  
  23  2:14  Factory  
  23  2:18  SCV  
  24  2:23  Barracks Reactor  
  24  2:31  SCV  
  25  2:42  Command Center  
  25  2:43  SCV  
  26  2:53  Orbital Command  
  26  2:56  SCV  
  27  3:04  Barracks Tech Lab, Barracks  
  27  3:08  SCV  
  27  3:11  Hellion  
  30  3:15  Hellion  
  30  3:19  SCV  
  33  3:20  SCV  
  33  3:24  Marine  
  33  3:25  Refinery  
  35  3:30  Stimpack  
  35  3:31  SCV  
  35  3:33  SCV  
  37  3:42  Marine  
  37  3:43  SCV  
  37  3:45  SCV  
  40  3:52  Starport  
  40  3:53  Orbital Command  
  41  3:55  SCV  
  41  3:57  Marine x2  
  41  3:59  Factory Reactor  
  41  4:00  SCV, Marine  
  45  4:06  Supply Depot  
  45  4:07  SCV  
  46  4:13  SCV  
  46  4:15  Marine x2  
  49  4:18  Marine  
  49  4:21  SCV  
  51  4:24  SCV  
  51  4:26  SCV, Barracks  
  53  4:33  Marine x2  
  53  4:35  SCV  
  53  4:36  Marine  
  57  4:38  SCV  
  57  4:40  Refinery, Supply Depot  
  57  4:42  Factory Tech Lab, Medivac x2  
  63  4:50  SCV, Marine  
  63  4:51  SCV, Marine  
  66  4:53  Supply Depot  
  66  4:54  Orbital Command  
  66  4:56  Engineering Bay x2  
  66  4:59  Marine  
  67  5:00  Refinery  
  67  5:02  SCV  
  67  5:04  Supply Depot  
  67  5:05  SCV  
  69  5:08  Siege Tank  
  69  5:12  Marine x2  
  74  5:14  SCV  
  74  5:16  Barracks Reactor  
  74  5:17  SCV  
  74  5:21  Combat Shield  
  76  5:22  Marine  
  76  5:24  SCV  
  76  5:27  SCV, Supply Depot  
  79  5:28  Supply Depot  
  79  5:32  SCV  
  80  5:35  Terran Infantry Weapons Level 1  
  80  5:36  Marine x2  
  80  5:40  Terran Infantry Armor Level 1  
  82  5:45  SCV  
  82  5:46  Barracks  
  82  5:47  SCV, Barracks  
  83  5:50  Marine  
  83  5:51  Siege Tank  
  83  5:52  SCV  
  83  5:55  Marine x2  
  83  5:56  Marine  
  91  6:00  Marine, Supply Depot  
  91  6:02  SCV  
  93  6:05  Medivac  
  93  6:08  Marine  
  93  6:09  SCV x2  
  98  6:13  Marine x2  
  98  6:14  SCV  
  98  6:16  Supply Depot  
  101  6:18  Medivac  
  101  6:19  Marine x2  
  101  6:23  SCV x2  
  101  6:25  Siege Tank, Supply Depot  
  107  6:26  SCV  
  107  6:31  Marine x2  
  113  6:35  SCV x2, Factory  
  113  6:36  Refinery  
  113  6:39  Marine, Supply Depot  
  116  6:40  Marine  
  119  6:49  Barracks Reactor x2, Armory  
  119  6:50  Marine x2  
  119  6:51  SCV  
  120  6:55  Marine  
  120  6:56  Marine  
  120  6:57  SCV, Supply Depot  
  120  6:59  Marine  
  123  7:02  Refinery  
  123  7:03  Widow Mine  
  123  7:08  Marine x2, Supply Depot  
  127  7:14  Marine, Command Center  
  128  7:20  Factory Reactor, Supply Depot  
  128  7:21  Marine x2  
  130  7:25  Marine, Missile Turret  
  130  7:26  Supply Depot  
  130  7:27  Medivac x2  
  135  7:30  Marine x3  
  135  7:33  Marine  
  135  7:35  Marine x2  
  141  7:37  Supply Depot  
  141  7:38  Marine  
  141  7:42  Widow Mine, Marine  
  141  7:43  Marine  
  146  7:45  SCV x2  
  146  7:47  SCV, Marine  
  146  7:48  Marine x2  
  152  7:51  Marine  
  152  7:54  Terran Infantry Weapons Level 2  
  152  7:56  Terran Infantry Armor Level 2  
  152  7:58  Marine  
  154  8:01  Widow Mine, Marine  
  154  8:04  Marine  
  158  8:07  Widow Mine x2  
  158  8:11  Marine  
  158  8:12  Supply Depot  
  163  8:13  Marine x2  
  163  8:14  Marine  
  166  8:20  Terran Vehicle And Ship Armor Level 1  
  166  8:22  Orbital Command  
  166  8:23  Widow Mine  
  166  8:26  Medivac  
  170  8:28  Widow Mine  
  170  8:29  Widow Mine  
  170  8:31  Marine  
  164  8:36  Marine x2  
  164  8:39  SCV  
  139  8:44  Widow Mine, SCV  
  129  8:48  SCV  
  129  8:50  Widow Mine x2, Marine x2  
  129  8:51  SCV  
  129  8:54  Medivac  
  135  8:55  Medivac  
  135  8:56  SCV  
  135  8:59  SCV  
  135  9:01  SCV  
  138  9:05  Widow Mine, Marine  
  139  9:11  Widow Mine  
  139  9:15  Marine x2  
  129  9:18  Widow Mine  
  129  9:19  Drilling Claws  
  129  9:21  Marine  
  127  9:27  SCV  
  127  9:28  SCV  
  131  9:38  Marine  
  130  9:39  SCV  
  130  9:41  SCV  
  130  9:45  Orbital Command  
  122  9:46  Marine  
  122  9:49  Marine x2  
  122  9:50  Marine  
  122  9:52  Widow Mine  
  121  9:53  Marine  
  113  10:03  Marine  
  113  10:06  Marine  
  103  10:12  SCV x2  
  103  10:13  Widow Mine  
  103  10:14  SCV  
  99  10:20  Marine x3  
  102  10:21  Orbital Command  
  102  10:24  SCV  
  102  10:25  Marine x2  
  104  10:33  SCV  
  104  10:35  Widow Mine  
  108  10:37  Marine  
  108  10:38  Marine  
  108  10:39  SCV  
  100  10:53  Marine x3  
  100  10:56  Widow Mine, SCV  
  95  10:58  SCV  
  95  11:03  SCV  
  97  11:11  Marine  
  99  11:13  Marine  
  99  11:17  Marine  
  99  11:21  Liberator x2  
  99  11:22  Marine x2  
  99  11:23  Marine  
  99  11:25  Marine  
  108  11:26  Orbital Command  
  108  11:29  Marine  
  108  11:30  SCV, Marine  
  111  11:35  Marine  
  111  11:39  Marine  
  112  11:40  Marine x2  
  112  11:41  SCV  
  112  11:43  Marine  
  112  11:45  Marine  
  112  11:46  Marine  
  119  11:48  Marine  
  119  11:49  SCV  
  119  11:53  Marine  
  121  11:57  Marine x2  
  121  11:59  Widow Mine  
  125  12:06  SCV x3, Marine  
  125  12:07  Widow Mine  
  131  12:16  Marine  
  131  12:17  Marine  
  131  12:19  SCV x2  
  135  12:26  Terran Infantry Weapons Level 3, Marine x3  
  135  12:28  Marine  
  123  12:31  Marine  
  123  12:33  SCV  
  123  12:36  Widow Mine  
  124  12:38  SCV  
  124  12:39  Marine  
  123  12:47  Marine x3  
  126  12:55  Widow Mine  
  123  12:59  Barracks Tech Lab  
  123  13:07  Widow Mine  
  123  13:11  Marine, Command Center  
  126  13:16  Widow Mine  
  126  13:19  SCV x2  
  130  13:24  Marine x3  
  130  13:25  SCV, Marine x2  
  130  13:26  Marine x2  
  138  13:29  Widow Mine  
  138  13:30  Marine  
  138  13:31  SCV  
  140  13:41  SCV  
  141  13:48  Marine x2  
  141  13:50  Widow Mine  
  141  13:53  Widow Mine, Marine x2  
  130  13:55  Marine  
  130  13:56  SCV  
  130  13:58  SCV  
  130  14:00  SCV  
  115  14:08  Marine x2  
  117  14:12  Marine x3  
  117  14:16  Marine  
  116  14:21  Marine x2  
  116  14:22  SCV  
  119  14:28  Widow Mine x2  
  119  14:31  SCV  
  121  14:41  Terran Infantry Armor Level 3  
  121  14:43  Orbital Command  
  121  14:45  SCV  
  117  14:49  Widow Mine, Marine x2  
  117  14:52  SCV  
  115  14:56  Marauder  
  115  14:57  SCV  
  115  15:01  Marauder  
  115  15:04  SCV  
  118  15:09  SCV  
  118  15:10  SCV  
  120  15:16  SCV  
  120  15:18  Marauder  
  124  15:21  SCV  
  124  15:23  SCV, Marauder  
  124  15:26  Widow Mine x2  
  131  15:34  Marine x3  
  128  15:35  Marine  
  128  15:36  Marine  
  128  15:39  Marauder, Marine  
  133  15:48  Marauder  
  135  15:51  Widow Mine x2, Marine  
  135  15:55  Command Center  
  140  16:08  Command Center  
  140  16:10  Marauder, Supply Depot  
  140  16:13  Liberator  
  140  16:16  SCV x2  
  145  16:19  SCV  
  145  16:21  Medivac  
  145  16:24  Concussive Shells, Supply Depot  
  146  16:26  Marine  
  146  16:29  Marauder, Supply Depot  
  146  16:31  Marine x3  
  152  16:36  SCV x2  
  152  16:38  Marauder  
  152  16:39  Marine  
  157  16:42  SCV, Marine  
  157  16:46  Widow Mine  
  152  16:54  Widow Mine  
  152  16:55  Marine  
  152  16:56  Marine x2  
  152  16:59  Marine x3  
  152  17:00  Marine  
  152  17:01  Marine  
  131  17:12  Widow Mine  
  115  17:18  Marauder  
  115  17:19  Marauder  
Show
View Real Time Build Order
Export as new Build Order

Dark Zerg - Winner!

Build Orders: Hatch First 

Get SALT Encoding   

  12  0:00  Drone  
  13  0:12  Overlord  
  13  0:17  Drone  
  14  0:31  Drone x2  
  16  0:48  Hatchery  
  15  0:51  Drone  
  15  0:55  Drone  
  17  0:58  Drone  
  18  1:08  Extractor  
  17  1:13  Spawning Pool  
  17  1:16  Drone  
  17  1:20  Drone  
  18  1:28  Drone  
  19  1:39  Drone  
  20  1:49  Drone  
  21  2:01  Queen x2  
  25  2:02  Zergling x4  
  27  2:11  Zergling x2  
  27  2:12  Overlord  
  28  2:23  Hatchery  
  28  2:27  Drone  
  28  2:31  Drone  
  28  2:33  Drone x2  
  31  2:41  Queen  
  33  2:48  Overlord  
  33  2:50  Drone  
  34  2:54  Drone x2  
  34  2:58  Metabolic Boost  
  36  3:04  Overlord  
  36  3:07  Drone  
  36  3:10  Drone x2  
  39  3:17  Drone x2  
  39  3:18  Drone  
  42  3:22  Queen  
  44  3:35  Queen  
  44  3:36  Drone x3  
  49  3:46  Drone x6  
  55  3:54  Overlord  
  55  3:56  Zergling x2  
  55  3:57  Queen  
  58  4:07  Extractor, Drone  
  58  4:12  Queen  
  58  4:13  Drone x2  
  58  4:14  Drone x4  
  66  4:21  Evolution Chamber  
  66  4:22  Evolution Chamber  
  64  4:24  Overlord  
  64  4:30  Overlord  
  64  4:32  Drone x2  
  65  4:40  Overlord  
  65  4:41  Overlord  
  65  4:43  Drone x8  
  73  4:48  Zerg Melee Weapons Level 1  
  73  4:54  Zergling x12  
  73  4:56  Zerg Ground Armor Level 1  
  79  5:04  Drone x3  
  82  5:10  Zergling x6  
  82  5:14  Hatchery  
  84  5:17  Zergling x6  
  87  5:24  Hatchery, Drone  
  87  5:25  Drone x3  
  87  5:28  Drone x3  
  93  5:30  Extractor  
  93  5:31  Extractor  
  93  5:32  Lair  
  91  5:37  Baneling Nest  
  90  5:44  Zergling x10  
  89  5:57  Drone  
  90  5:59  Hatchery  
  90  6:01  Drone x8  
  97  6:08  Overlord x3  
  97  6:16  Overlord  
  97  6:19  Overlord  
  97  6:21  Baneling x3  
  97  6:22  Baneling x4  
  97  6:26  Zergling x8  
  97  6:27  Zergling x12  
  107  6:33  Zergling x4  
  107  6:36  Zergling x2  
  110  6:43  Centrifical Hooks  
  110  6:44  Zerg Melee Weapons Level 2  
  110  6:48  Drone x3  
  110  6:49  Drone  
  110  6:53  Zergling x16  
  120  6:58  Zergling x8  
  120  6:59  Baneling x4  
  122  7:04  Zergling x6  
  124  7:09  Zerg Ground Armor Level 2  
  124  7:11  Zergling x6  
  128  7:15  Zergling x8  
  128  7:23  Zergling x2  
  128  7:24  Zergling x16  
  128  7:29  Zergling x14  
  144  7:31  Zergling x2  
  144  7:33  Baneling x2, Zergling x4  
  144  7:34  Zergling x2  
  144  7:35  Baneling x4  
  148  7:37  Zergling x4  
  149  7:45  Zergling x12  
  149  7:49  Infestation Pit  
  154  7:53  Zergling x2  
  154  7:54  Overlord  
  154  7:55  Baneling x4  
  154  7:56  Baneling x2  
  154  7:57  Hatchery, Overseer x2  
  154  8:04  Zergling x2  
  154  8:05  Zergling x2  
  155  8:12  Overlord  
  154  8:13  Zergling x14  
  154  8:14  Baneling x6  
  154  8:16  Zergling x6  
  159  8:31  Zergling x2  
  159  8:32  Zergling x24  
  146  8:37  Zergling x2  
  146  8:38  Zergling x32  
  138  8:42  Zergling x2  
  138  8:44  Zergling x6  
  138  8:47  Queen  
  136  8:50  Zergling x8  
  136  8:52  Zergling x4  
  128  8:57  Hive  
  128  8:58  Zergling x14  
  128  8:59  Baneling x2  
  128  9:00  Baneling x2  
  128  9:01  Zergling x2  
  131  9:04  Baneling x3  
  131  9:06  Zergling x8  
  116  9:17  Zergling x20  
  116  9:20  Zergling x6  
  116  9:21  Zergling x2  
  130  9:24  Zergling x6  
  130  9:27  Baneling x5  
  130  9:28  Baneling x2  
  127  9:36  Zergling x16  
  126  9:42  Baneling x5  
  122  9:52  Drone x11  
  129  9:53  Zergling x2  
  126  10:01  Zergling x12  
  126  10:02  Zergling x2  
  126  10:05  Zergling x4  
  126  10:06  Zergling x2  
  131  10:13  Overseer  
  123  10:16  Zergling x6  
  123  10:17  Zergling x10  
  123  10:20  Zergling x4  
  129  10:27  Zergling x10  
  129  10:28  Baneling x2  
  131  10:29  Baneling x2  
  110  10:44  Zergling x16  
  110  10:45  Zergling x6  
  109  10:52  Zergling x10  
  101  10:59  Zergling x8  
  104  11:07  Zerg Melee Weapons Level 3  
  104  11:08  Zerg Ground Armor Level 3  
  103  11:14  Zergling x12  
  103  11:15  Zergling x2  
  110  11:22  Baneling x4  
  110  11:24  Adrenal Glands  
  110  11:25  Zergling x6  
  112  11:28  Baneling  
  112  11:29  Zergling x2  
  112  11:30  Zergling x4  
  115  11:33  Zergling x6  
  118  11:44  Hatchery  
  117  11:49  Zergling x2  
  117  11:50  Zergling x12  
  122  11:56  Baneling x4  
  122  12:01  Zergling x10  
  122  12:05  Baneling x3  
  121  12:15  Viper x2  
  121  12:18  Baneling x5  
  121  12:19  Baneling  
  125  12:26  Zergling x2  
  125  12:27  Zergling x18  
  126  12:32  Zergling x2  
  122  12:41  Spore Crawler  
  122  12:42  Zergling x10, Spore Crawler  
  125  12:45  Zergling x8  
  125  12:49  Drone x2  
  125  12:51  Drone x2  
  133  12:57  Zergling x2  
  133  12:58  Zergling x10  
  128  13:07  Baneling  
  128  13:08  Baneling x2  
  128  13:09  Zergling x16  
  128  13:12  Overseer  
  136  13:18  Zergling x2, Spore Crawler  
  136  13:19  Zergling x6  
  139  13:25  Zergling x12  
  141  13:35  Zergling x10  
  141  13:37  Baneling x11  
  146  13:42  Overlord  
  117  14:00  Zergling x18  
  117  14:01  Zergling x4  
  118  14:03  Zergling x14  
  118  14:05  Zergling x2  
  124  14:14  Baneling  
  124  14:15  Baneling x3  
  124  14:16  Drone x4  
  128  14:18  Baneling x2  
  128  14:21  Overseer  
  127  14:32  Overseer  
  127  14:33  Ultralisk Cavern  
  124  14:48  Zergling x30  
  126  14:53  Baneling x4  
  126  14:58  Baneling x3  
  126  14:59  Baneling  
  126  15:01  Burrow  
  126  15:02  Zergling x2  
  127  15:10  Hatchery  
  126  15:21  Ultralisk, Chitinous Plating  
  131  15:26  Pneumatized Carapace  
  131  15:38  Zergling x2, Ultralisk  
  137  15:43  Zergling x6  
  137  15:48  Baneling x3, Overlord x3  
  140  15:51  Baneling x3  
  138  16:04  Overlord x2  
  138  16:10  Ultralisk  
  138  16:11  Zergling x12  
  148  16:19  Zergling x10  
  148  16:21  Zergling x2  
  148  16:22  Zergling x2  
  150  16:27  Baneling x3  
  150  16:29  Zergling x8  
  150  16:31  Overseer  
  154  16:37  Zergling x8  
  157  16:44  Zergling x8  
  157  16:45  Zergling x2  
  147  16:56  Zergling x2  
  147  16:57  Zergling x16  
  144  17:08  Zergling x14  
Tags
 
Add a new tag
Caveats
  • Supply blocks, unpowered buildings, or Contaminate may cause inaccurate times.
  • Supply counts are checked every 10 seconds.